 Dungeon Crawl Stone Soup version 0.24-a0-312-g16217b4 (webtiles) character file.

Game seed: 10438722100107791774

1385 Inarius the Quickloader (level 9, -7/52 HPs)
             Began as a Kobold Hunter on May 15, 2019.
             Was a Believer of Okawaru.
             Mangled by Duvessa
             ... wielding a +3 rapier of freezing
              (9 damage)
             ... on level 6 of the Dungeon.
             The game lasted 00:12:03 (6960 turns).

Inarius the Quickloader (Kobold Hunter)             Turns: 6960, Time: 00:12:04

Health: -7/52      AC:  6    Str: 14    XL:     9   Next: 0%
Magic:  27/27      EV: 15    Int: 13    God:    Okawaru [**....]
Gold:   172        SH:  0    Dex: 18    Spells: 8/8 levels left

rFire    . . .     SeeInvis .   a - +1 dagger (venom)
rCold    . . .     Gourm    .   (shield restricted)
rNeg     . . .     Faith    .   j - +0 ring mail
rPois    .         Spirit   .   r - +0 helmet
rElec    .         Reflect  .   (no cloak)
rCorr    .         Harm     .   (no gloves)
MR       .....                  (no boots)
Stlth    ++........             (no amulet)
HPRegen  0.17/turn              s - ring of magical power
MPRegen  0.20/turn              w - ring of magical power

@: mighty
A: small, carnivore
a: Heroism, Renounce Religion


You were on level 6 of the Dungeon.
You worshipped Okawaru.
Okawaru was pleased with you.
You were full.

You visited 1 branch of the dungeon, and saw 6 of its levels.
You also visited: Ossuary.

You collected 276 gold pieces.
You spent 104 gold pieces at shops.

Inventory:

Hand Weapons
 a - a +1 dagger of venom (weapon)
 b - a +1 hand crossbow
 o - a +0 dagger of electrocution
Missiles
 d - 32 bolts
Armour
 j - a +0 ring mail (worn)
 r - a +0 helmet (worn)
Jewellery
 s - a ring of magical power (left hand)
 w - a ring of magical power (right hand)
Wands
 v - a wand of flame (13)
Scrolls
 e - 3 scrolls of amnesia
 g - a scroll of magic mapping
 i - 6 scrolls of teleportation
 k - 2 scrolls of enchant weapon
 n - a scroll of blinking {unknown}
 p - 4 scrolls of remove curse
 q - a scroll of fog
Potions
 c - 2 potions of lignification
 h - 2 potions of flight
 l - 3 potions of curing
 m - 2 potions of heal wounds
 t - a potion of might
 u - a potion of invisibility
 x - 2 potions of brilliance {unknown}
Comestibles
 f - 19 rations


   Skills:
 + Level 4.2 Fighting
 + Level 6.4 Short Blades
 * Level 8.8 Crossbows
 + Level 3.5 Armour
 + Level 3.8 Dodging
 + Level 3.3 Stealth


You had 8 spell levels left.
You didn't know any spells.
Your spell library was empty.

Dungeon Overview and Level Annotations

Branches:
Dungeon (6/15)             Temple (0/1) D:4

Altars:
Cheibriados
Okawaru
Uskayaw

Shops:
D:5 ?

Annotations:
D:6 Duvessa


Innate Abilities, Weirdness & Mutations

You are small and have problems with some larger weapons.
You are carnivorous and can eat meat at any time.


Message History

Duvessa hits you with a +3 rapier of freezing!!
Duvessa freezes you.
You closely miss Duvessa.
Duvessa is moderately wounded.
Duvessa hits you with a +3 rapier of freezing.
Duvessa freezes you.
You closely miss Duvessa.
Duvessa is moderately wounded.
Duvessa hits you with a +3 rapier of freezing!
Duvessa freezes you.
You hit Duvessa but do no damage.
Duvessa looks as sick as possible!
Duvessa is moderately wounded.
Duvessa hits you with a +3 rapier of freezing!
* * * LOW HITPOINT WARNING * * *
Duvessa freezes you.
* * * LOW HITPOINT WARNING * * *
You puncture Duvessa!
Duvessa looks as sick as possible!
Duvessa is heavily wounded.
Duvessa hits you with a +3 rapier of freezing!
You die...

#.........#........,,,,,
#.........#....$...,,,,,
#.........#........,,,,,
#.......>.'........,,,,,
*###########).......,,,,,
*............#######*****
*............#,,,,,,,,,,,
*............#,,,,,,,,,,,
*.......@....#,,,,,,,,,,,
*.......e....+,,,,,,,,,,,
*............#,,,,,,,,,,,
*#######>....#*****+*****
*,,,,,#.......,,,,,,,,,,
*,,,,,#........,,,,,,,,,
*,,,,,(........,,,,,,,,,
*,,,,,#(.......,,,,,,,,,
*,,,,,*,,,,,,,,,,,,,,,,,


You could see Duvessa (berserk).

Vanquished Creatures
  Menkaure (D:4)
  A sky beast (D:5)
  An ice beast (D:6)
  A necrophage (D:6)
  A phantom (D:5)
  An ogre (D:5)
  Blork the orc (D:5)
  2 elf zombies (Ossuary)
  Dowan (D:6)
  A crimson imp (D:5)
  A bullfrog zombie (D:5)
  2 centaur zombies
  An orc priest (D:3)
  A hound (D:4)
  2 bullfrog skeletons
  2 iguanas
  A worker ant (D:4)
  2 big kobold zombies (Ossuary)
  A hound skeleton (D:6)
  2 mummies (Ossuary)
  3 gnolls (D:2)
  5 adders
  An ooze (D:3)
  3 dart slugs
  3 leopard geckos
  10 orcs
  5 giant cockroaches
  13 goblins
  9 hobgoblins
  3 quokkas (D:2)
  A ball python (D:2)
  10 bats
  A frilled lizard (D:1)
  3 goblin zombies
  11 hobgoblin zombies (Ossuary)
  A jackal zombie (Ossuary)
  4 kobolds
  13 kobold zombies (Ossuary)
  A leopard gecko skeleton (D:5)
  4 orc zombies (Ossuary)
  A quokka zombie (D:6)
  6 rats
  A rat zombie (Ossuary)
138 creatures vanquished.

Notes
Turn   | Place    | Note
-------+----------+-------------------------------------------
     0 | D:1      | Inarius the Kobold Hunter began the quest for the Orb.
     0 | D:1      | Reached XP level 1. HP: 12/12 MP: 1/1
    21 | D:1      | Reached skill level 5 in Crossbows
    57 | D:1      | Reached XP level 2. HP: 17/17 MP: 2/2
   245 | D:1      | Reached XP level 3. HP: 18/21 MP: 3/3
   905 | D:1      | Found a hide-covered altar of Uskayaw.
  1038 | D:2      | Reached skill level 6 in Crossbows
  1038 | D:2      | Reached XP level 4. HP: 11/26 MP: 4/4
  1357 | D:2      | Found a faded altar of an unknown god.
  1473 | D:2      | Reached skill level 1 in Short Blades
  1539 | D:2      | Reached skill level 1 in Armour
  1797 | D:3      | Reached XP level 5. HP: 31/31 MP: 5/5
  2149 | D:3      | Found an iron altar of Okawaru.
  2159 | D:3      | Became a worshipper of Warmaster Okawaru
  3199 | D:4      | Found a staircase to the Ecumenical Temple.
  3279 | D:4      | Reached XP level 6. HP: 36/36 MP: 6/6
  3662 | D:4      | Found a snail-covered altar of Cheibriados.
  3662 | D:4      | Noticed Menkaure
  3665 | D:4      | Killed Menkaure
  3665 | D:4      | Reached skill level 7 in Crossbows
  3665 | D:4      | Reached XP level 7. HP: 29/40 MP: 7/7
  4305 | D:5      | Entered Level 5 of the Dungeon
  4453 | D:5      | Found Buraec's Magic Scroll Emporium.
  4460 | D:5      | Bought a scroll of identify for 26 gold pieces
  4460 | D:5      | Bought a scroll of identify for 26 gold pieces
  4460 | D:5      | Bought a scroll of identify for 26 gold pieces
  4460 | D:5      | Bought a scroll of identify for 26 gold pieces
  4518 | D:5      | Reached * piety under Okawaru
  5100 | D:5      | Reached XP level 8. HP: 30/46 MP: 8/8
  5124 | D:5      | Noticed Blork the orc
  5141 | D:5      | Killed Blork the orc
  5172 | D:5      | Reached skill level 8 in Crossbows
  5203 | D:5      | Reached skill level 5 in Short Blades
  5597 | D:6      | Reached ** piety under Okawaru
  5837 | D:6      | Found a sand-covered staircase.
  5867 | Ossuary  | Entered an ossuary
  6881 | D:6      | Noticed Dowan
  6899 | D:6      | Killed Dowan
  6899 | D:6      | Reached XP level 9. HP: 44/52 MP: 9/9
  6950 | D:6      | Noticed Duvessa
  6959 | D:6      | HP: 1/52 [Duvessa/+3 rapier of freezing (5)]
  6960 | D:6      | Mangled by Duvessa

Levels and vault maps discovered:
D:1:      dpeg_arrival_water_altar, layout_basic, minmay_misc_feat_nine_boxes
D:2:      layout_rooms, chequers_ecumenical_altar_island
D:3:      layout_loops_corners, okawaru_trees_2
D:4:      layout_basic, cheibriados_altar_1, temple_doors_cd, first_ration,
          uniq_menkaure
D:5:      layout_basic, serial_bayou, serial_bayou_lake_a, serial_bayou_pond_b,
          serial_bayou_lagoon_a, serial_bayou_shore_a, st_stairs_9,
          kennysheep_small_circle, uniq_blork_the_orc
D:6:      layout_gridville, enter_ossuary_4, uniq_crazy_yiuf_cottage,
          uniq_duvessa, uniq_prince_ribbit1

Skill      XL: |  1  2  3  4  5  6  7  8 |
---------------+-------------------------+-----
Crossbows      | 5 6 7 8 |  8.8
Short Blades   | 1 2 3 4 6 |  6.4
Armour         | 1 2 3 |  3.5
Stealth        | 2 3 |  3.3
Fighting       | 3 4 |  4.2
Dodging        | 3 |  3.8

Action                   |  1- 3 |  4- 6 |  7- 9 || total
-------------------------+-------+-------+-------++-------
Melee: Short sword       |    12 |       |       ||    12
       Dagger            |    74 |   125 |   535 ||   734
 Fire: Hand crossbow     |     1 |    25 |    69 ||    95
  Use: Scroll            |     4 |       |    11 ||    15
       Potion            |       |       |     2 ||     2
 Stab: Sleeping          |     2 |       |     1 ||     3
  Eat: Chunk             |     9 |     8 |     7 ||    24
Armor: Leather armour    |     5 |       |       ||     5
       Ring mail         |    15 |    43 |    84 ||   142
Dodge: Dodged            |    51 |    73 |   248 ||   372

Table legend:
 A = Non-vault XP
 B = Vault XP
 C = Vault XP percentage of total XP
 D = Non-vault monster count
 E = Vault monster count
 F = Vault count percentage of total count
                 A         B        C        D         E       F
            +---------+---------+-------+---------+---------+-------
      Total |    1128 |     851 |  43.0 |      90 |      48 |  34.8
            +---------+---------+-------+---------+---------+-------
        D:1 |      50 |       0 |   0.0 |      27 |       0 |   0.0
        D:2 |      92 |       0 |   0.0 |      23 |       0 |   0.0
        D:3 |      90 |       0 |   0.0 |      18 |       0 |   0.0
        D:4 |     175 |     172 |  49.6 |       6 |       1 |  14.3
        D:5 |     450 |     261 |  36.7 |      12 |       5 |  29.4
        D:6 |     271 |      69 |  20.3 |       4 |       3 |  42.9
    Ossuary |       0 |     349 | 100.0 |       0 |      39 | 100.0
            +---------+---------+-------+---------+---------+-------
